 Dungeon Crawl Stone Soup version 0.30.1 (webtiles) character file.

Game seed: 14049496388144399032

6 H0rd4k the Charlatan (level 1, 0/13 HPs)
             Began as an Octopode Artificer on July 3, 2023.
             Slain by a rat (3 damage)
             ... on level 1 of the Dungeon.
             The game lasted 00:00:12 (184 turns).

H0rd4k the Charlatan (Octopode Artificer)            Turns: 184, Time: 00:00:13

Health: 0/13       AC:  1    Str: 11    XL:     1   Next: 90%
Magic:  1/1        EV: 13    Int: 13    God:
Gold:   31         SH:  0    Dex: 12    Spells: 0/0 levels left

rFire   . . .        (no weapon)
rCold   . . .        (no shield)
rNeg    . . .        (helmet restricted)
rPois   .            (no amulet)
rElec   .            (no ring)
rCorr   .            (no ring)
SInv    .            (no ring)
Will    .....        (no ring)
Stlth   +++          (no ring)
HPRegen 0.22/turn    (no ring)
MPRegen 0.07/turn    (no ring)
                     (no ring)

%: no passive effects
@: no status effects
A: almost no armour, amphibious, 8 rings, camouflage 1, gelatinous body 1,
(nimble swimmer 1), tentacles
a: no special abilities


You were on level 1 of the Dungeon.
You visited 1 branch of the dungeon, and saw 1 of its levels.

You collected 31 gold pieces.

Inventory:

Wands
 b - a wand of flame (15) (quivered)
 c - a wand of charming (15)
 d - a wand of iceblast (5)
Scrolls
 a - 2 scrolls of teleportation {unknown}
 e - a scroll of noise {unknown}
Potions
 f - a potion of curing {unknown}


   Skills:
 + Level 1.0 Fighting
 + Level 2.4 Dodging
 + Level 1.3 Stealth
 + Level 3.7 Evocations


You couldn't memorise any spells.
You didn't know any spells.
Your spell library contained the following spells:

 Spells                   Type           Power      Damage    Failure   Level
 Blink                    Tloc           0%         N/A       43%         2
 Lesser Beckoning         Tloc           0%         N/A       43%         2
 Momentum Strike          Conj/Tloc      0%         3d8       43%         2
 Hailstorm                Conj/Ice       0%         3d3       67%         3
 Sticky Flame             Conj/Fire      0%         2d3       97%         4
 Iskenderun's Battlesphe  Conj           0%         2d6       100%        5


Dungeon Overview and Level Annotations

Branches:
Dungeon (1/15)

Altars:


Innate Abilities, Weirdness & Mutations

You cannot wear most types of armour.
You are amphibious.
You can wear up to eight rings at the same time.
Your skin changes colour to match your surroundings (Stealth+).
Your rubbery body absorbs attacks. (AC +1, EV +1)
((You are camouflaged when in or above water. (Stealth+)))
You have tentacles for arms and can constrict up to eight enemies at once.


Message History

There are monsters nearby!
The rat barely misses you.
There are monsters nearby!
You closely miss the rat. Your grab misses the rat. The rat barely misses you.
There are monsters nearby!
You tentacle-slap the rat. You grab the rat.
You squeeze the rat, but do no damage.
The rat is heavily wounded.
You constrict the rat.
You kill the rat!
A rat is nearby!
A kobold and an endoplasm come into view.
You see here a rat corpse.
There are monsters nearby!
The kobold shouts!
The endoplasm quivers.
There are monsters nearby!
There are monsters nearby!
The rat bites you.
The kobold throws a stone.
The stone hits you.
You barely miss the endoplasm. You squeeze the endoplasm.
The endoplasm is heavily wounded.
The endoplasm freezes you.
You are frozen.
The rat misses you.
The kobold throws a stone.
The stone hits you.
You tentacle-slap the endoplasm but do no damage.
The endoplasm is heavily wounded.
The kobold throws a stone.
The stone closely misses you. The endoplasm freezes you.
You are frozen.
The rat completely misses you.
You tentacle-slap the endoplasm.
The endoplasm is almost dead.
The endoplasm hits you. The rat closely misses you.
You are too injured to fight recklessly!
You are too injured to fight recklessly!
You are too injured to fight recklessly!
The endoplasm freezes you.
You are frozen.
* * * LOW HITPOINT WARNING * * *
The rat bites you.
You die...

............... .
....#####....## ... .. .
#........## ... ...##
###.###....#. ....
#...###..[####...#.
........................
.....####..?..........##
..##.....##...........##
......J@...............#
.....)r...†.............
........................
......................#.
.....K.........##....###
...........#####........
...........#......#.....
..........#......###....
..................#.....


You could see an endoplasm, a kobold and a rat.

Vanquished Creatures
  A bat (D:1)
  3 hobgoblins (D:1)
  A rat (D:1)
5 creatures vanquished.

Notes
Turn   | Place    | Note
-------+----------+-------------------------------------------
     0 | D:1      | H0rd4k the Octopode Artificer began the quest for the Orb.
     0 | D:1      | Reached XP level 1. HP: 13/13 MP: 1/1
   142 | D:1      | Got the Papyrus of Momentum
   184 | D:1      | Slain by a rat

Illustrated notes

Levels and vault maps discovered:
D:1:      minmay_arrival_five_plusses, layout_rooms,
          ebering_dispersal_statue_hall, minmay_door_square

Action                     || total
---------------------------++-------
  Melee: Unarmed           ||    16
         Constrict         ||     5
         Tentacles         ||     5
 Armour: Skin              ||     4
  Dodge: Dodged            ||    16
